 Dungeon Crawl Stone Soup version 0.29.1-1-gd02db6906a (webtiles) character file.

Game seed: 1973003554418590375

99 Hadkhar the Ducker (level 4, -4/35 HPs)
             Began as a Merfolk Gladiator on Sept 28, 2022.
             Killed by divine providence
             ... invoked by an orc priest
              (14 damage)
             ... on level 3 of the Dungeon.
             The game lasted 00:19:20 (2764 turns).

Hadkhar the Ducker (Merfolk Gladiator)              Turns: 2764, Time: 00:19:20

Health: -4/35      AC:  6    Str: 16    XL:     4   Next: 72%
Magic:  4/4        EV: 13    Int:  7    God:
Gold:   112        SH:  0    Dex: 15    Spells: 3/3 levels left

rFire   . . .      SeeInvis .   a - +0 trident
rCold   . . .      Faith    .   (no shield)
rNeg    . . .      Spirit   .   b - +0 leather armour
rPois   .          Reflect  .   w - +2 helmet
rElec   .          Harm     .   (no cloak)
rCorr   .          Rampage  .   (no gloves)
Will    .....                   (no boots)
Stlth   +.........              (no amulet)
HPRegen 0.11/turn               (no ring)
MPRegen 0.09/turn               (no ring)

@: no status effects
A: (nimble swimmer 2), mertail
a: no special abilities


You were on level 3 of the Dungeon.
You visited 1 branch of the dungeon, and saw 3 of its levels.

You collected 112 gold pieces.

Inventory:

Hand Weapons
 a - a +0 trident (weapon)
 n - a +2 dagger of venom
 q - a +0 mace of holy wrath
Missiles
 d - 4 throwing nets
 e - 3 javelins
 o - 3 poisoned darts (quivered)
Armour
 b - a +0 leather armour (worn)
 w - a +2 helmet (worn)
Scrolls
 c - a scroll of identify {unknown}
 f - a scroll of magic mapping {unknown}
 h - a scroll of fog {unknown}
 j - a scroll of brand weapon {unknown}
 k - a scroll of summoning {unknown}
 l - a scroll of vulnerability {unknown}
 m - 2 scrolls of immolation {unknown}
 r - a scroll of torment {unknown}
 t - a scroll of enchant weapon {unknown}
 u - a scroll of teleportation {unknown}
Potions
 g - a potion of heal wounds {unknown}
 i - a potion of mutation {unknown}
 p - a potion of curing {unknown}
 s - 2 potions of flight {unknown}
 v - a potion of brilliance {unknown}
 x - a potion of berserk rage {unknown}


   Skills:
 + Level 3.2 Fighting
 + Level 4.9 Polearms
 + Level 2.9 Throwing
 + Level 4.9 Dodging


You had 3 spell levels left.
You didn't know any spells.
Your spell library was empty.

Dungeon Overview and Level Annotations

Branches:
Dungeon (3/15)

Altars:

Shops:
D:3 :


Innate Abilities, Weirdness & Mutations

((You are very nimble when in or above water. (Stealth+, EV+, Speed+++)))
Your lower body shifts to a powerful aquatic tail in water.


Message History

An orc comes into view. It is wielding a +1 mace of holy wrath.
There is an escape hatch in the floor here.
You barely miss the orc priest.
The orc priest looks encouraged for a moment.
You barely miss the orc priest. The orc priest misses you.
You barely miss the orc priest.
The orc priest hits you but does no damage.
You hit the orc priest.
The orc priest is moderately wounded.
The orc priest mumbles some strange prayers to Beogh against you.
Beogh smites you!
You hear a shout! x2
You hit the orc priest but do no damage.
The orc priest is moderately wounded.
The orc priest hits you with a +0 flail!
You hit the orc priest.
The orc priest is severely wounded.
The orc priest barely misses you.
You hit the orc priest but do no damage.
The orc priest is severely wounded.
The orc priest closely misses you.
You hit the orc priest but do no damage.
The orc priest is severely wounded.
The orc priest calls down the wrath of Beogh upon you.
Beogh smites you!
* * * LOW HITPOINT WARNING * * *
You hit the orc priest but do no damage.
The orc priest is severely wounded.
The orc priest barely misses you.
You hit the orc priest.
The orc priest is severely wounded.
The orc priest misses you.
You hit the orc priest.
The orc priest is severely wounded.
The orc priest miscasts a cantrip.
You barely miss the orc priest.
The orc priest is severely wounded.
The orc priest invokes the aid of Beogh against you.
Beogh smites you!
You die...

#... #...
#!.# #..#
#..# #..#
#..###
#@>..#
##o#.#
...#.#
.⌠.#.#.#
..o....#.#
.o∩. ###.#
.... #.#
.⌠. #.#
#.#


You could see an orc priest.

Vanquished Creatures
  Jessica (D:2)
  4 adders
  3 endoplasms
  3 giant cockroaches
  7 goblins
  2 jackals (D:1)
  2 quokkas (D:1)
  4 ball pythons
  4 bats
  2 frilled lizards (D:1)
  3 kobolds
  4 rats
39 creatures vanquished.

Notes
Turn   | Place    | Note
-------+----------+-------------------------------------------
     0 | D:1      | Hadkhar the Merfolk Gladiator began the quest for the Orb.
     0 | D:1      | Reached XP level 1. HP: 16/16 MP: 1/1
   151 | D:1      | Reached XP level 2. HP: 12/23 MP: 2/2
  1275 | D:1      | Reached XP level 3. HP: 28/28 MP: 3/3
  1709 | D:2      | Found a faded altar of an unknown god.
  2068 | D:2      | Reached XP level 4. HP: 35/35 MP: 4/4
  2251 | D:2      | Noticed Jessica
  2263 | D:2      | Killed Jessica
  2748 | D:3      | Found Ryhylateet's Vocational Training.
  2764 | D:3      | Killed from afar by an orc priest

Illustrated notes

Levels and vault maps discovered:
D:1:      minmay_arrival_open_corners, layout_loops_ring
D:2:      minmay_general_purpose_star, layout_loops_ring,
          dilly_ecumenical_altar_fadedgnrine, nicolae_eternal_life, uniq_jessica
D:3:      minmay_chambers_of_threes, layout_loops_ring, slow_altar_2,
          nicolae_qazlal_style_of_elements, nicolae_shop_vocational

Skill      XL: |  1  2  3 |
---------------+----------+-----
Fighting       | 3 |  3.2
Polearms       | |  4.9
Throwing       | |  2.9
Dodging        | |  4.9

Action                   |  1- 3 |  4- 6 || total
-------------------------+-------+-------++-------
Melee: Trident           |   106 |    24 ||   130
Throw: Dart              |       |     1 ||     1
 Stab: Sleeping          |     2 |       ||     2
Armor: Leather armour    |    18 |     2 ||    20
Dodge: Dodged            |    61 |     9 ||    70
